 Dungeon Crawl Stone Soup version 0.31-a0-331-geda263fcf1 (webtiles) character file.

Game seed: 14097769315137166075

8534 senseless the Fighter (level 11, -1/86 HPs)
             Began as a Demonspawn Shapeshifter on July 19, 2023.
             Was a High Priest of Okawaru.
             Slain by a deep elf pyromancer
             ... wielding the +3 Elemental Staff {rElec rF+ rC+ AC+3}
              (3 damage)
             ... on level 10 of the Dungeon.
             The game lasted 00:22:13 (9332 turns).

senseless the Fighter (Demonspawn Shapeshifter)     Turns: 9332, Time: 00:22:13

Health: -1/86      AC:  6    Str: 23    XL:     11   Next: 11%
Magic:  16/16      EV: 15    Int: 11    God:    Okawaru [*****.]
Gold:   177        SH:  0    Dex: 15    Spells: 10/10 levels left

rFire   . . .        M - +4 triple sword (elec)
rCold   . . .        (shield currently unavailable)
rNeg    . . .        L - +0 acid dragon scales
rPois   .            (helmet currently unavailable)
rElec   .            (cloak currently unavailable)
rCorr   +            r - melded +0 pair of gloves
SInv    .            (boots currently unavailable)
Will    .....        (no amulet)
Stlth   +            g - ring of resist corrosion
HPRegen 0.34/turn    n - +6 ring of strength
MPRegen 0.15/turn

%: no passive effects
@: on fire, beast-form, glowing
A: beast (slay +5), spiny 2, demonic magic 1, demonic touch 1
a: Begin Untransformation, Renounce Religion, Heroism, Finesse, Duel


You were on level 10 of the Dungeon.
You worshipped Okawaru.
Okawaru was extremely pleased with you.
You were a hulking beast.
You visited 1 branch of the dungeon, and saw 10 of its levels.

You collected 443 gold pieces.
You spent 266 gold pieces at shops.

Inventory:

Hand Weapons
 o - a +3 short sword of speed
 q - a +2 dagger of freezing
 w - a +4 great sword
 x - a +1 war axe of venom
 G - a +2 hand axe of electrocution
 M - a +4 triple sword of electrocution (weapon)
Missiles
 e - 9 javelins
 h - 7 poisoned darts
 s - 3 silver boomerangs
 t - a throwing net
Armour
 a - a +1 animal skin
 r - a +0 pair of gloves (melded)
 y - +0 steam dragon scales
 A - a scarf of repulsion
 D - a +1 robe of willpower
 E - the +3 hat of Pondering {ponderous, Will+ MP+10 Int+5}
   (You took it off Gastronok on level 9 of the Dungeon)

   Int:       It affects your intelligence (+5).
   MP:        It affects your magic capacity (+10).
   Will:      It increases your willpower.
 L - +0 acid dragon scales (worn)
Jewellery
 g - a ring of resist corrosion (left hand)
 n - a +6 ring of strength (right hand)
Talismans
 c - a beast talisman
 l - a serpent talisman
Wands
 i - a wand of light (21)
 B - a wand of paralysis (6)
 K - a wand of flame (7)
 N - a wand of digging (5)
Scrolls
 f - a scroll of amnesia
 k - a scroll of teleportation
 m - 2 scrolls of fog
 z - a scroll of vulnerability {unknown}
 F - a scroll of fear
 H - a scroll of revelation
 J - 2 scrolls of silence
Potions
 b - 5 potions of curing
 d - a potion of resistance {unknown}
 j - 3 potions of might
 p - 3 potions of haste
 u - 2 potions of heal wounds
 v - a potion of berserk rage {unknown}
 C - a potion of mutation
 I - 2 potions of cancellation {unknown}


   Skills:
 + Level 8.0 Fighting
 * Level 1.1 Long Blades
 + Level 7.3 Dodging
 - Level 7.2 Unarmed Combat
 + Level 6.8 Invocations
 * Level 7.9 Shapeshifting


You had 10 spell levels left.
You didn't know any spells.
Your spell library contained the following spells:

 Spells                   Type           Power      Damage    Failure   Level
 Magic Dart               Conj           0%         1d3       41%         1
 Searing Ray              Conj           0%         2d4       56%         2
 Static Discharge         Conj/Air       0%         2-2/arc   56%         2
 Vhi's Electric Charge    Tloc/Air       0%         N/A       80%         3
 Fulminant Prism          Conj/Hex       0%         3d5       99%         4
 Arcjolt                  Conj/Air       0%         1d10      100%        5
 Plasma Beam              Fire/Air       0%         2x1d10    100%        6
 Maxwell's Capacitive Co  Air            0%         ∞         100%        8
 Summon Lightning Spire   Summ/Air       Unusable   N/A       N/A         4

Dungeon Overview and Level Annotations

Branches:
Dungeon (10/15)            Temple (0/1) D:6            Lair (0/5) D:9
    Orc: D:9-12

Altars:
Cheibriados
Fedhas
Hepliaklqana
Kikubaaqudgha
Makhleb
Nemelex Xobeh
Okawaru
Qazlal
Ru
Sif Muna
Vehumet
Wu Jian
Xom
Yredelemnul

Shops:
D:8 !


Innate Abilities, Weirdness & Mutations

You are a hulking beast.
Your limbs bulge with bestial killing power. (Slay +5)
You are mostly covered in sharp spines.
Spells you cast may paralyse adjacent enemies.
Your touch may inflict minor irresistible damage on your foes.


Message History

You are too injured to fight recklessly!
You are too injured to fight recklessly!
You are too injured to fight recklessly!
You are too injured to fight recklessly!
You are too injured to fight recklessly!
You are too injured to fight recklessly!
You are too injured to fight recklessly!
You are too injured to fight recklessly!
You are too injured to fight recklessly!
You are too injured to fight recklessly!
You are too injured to fight recklessly!
You are too injured to fight recklessly!
You are too injured to fight recklessly!
You are too injured to fight recklessly!
You are too injured to fight recklessly!
You are too injured to fight recklessly!
You are too injured to fight recklessly!
You are too injured to fight recklessly!
Unknown command.
You are too injured to fight recklessly!
You are too injured to fight recklessly!
You slash the deep elf pyromancer!
The deep elf pyromancer is severely wounded.
The deep elf pyromancer casts a spell.
The deep elf pyromancer blinks!
The deep elf pyromancer points at you and mumbles some strange words.
The sticky flame hits you.
You are covered in liquid flames!
There is an open door here.
You are covered in liquid flames!
You slash the deep elf pyromancer!
The deep elf pyromancer is almost dead.
You are covered in liquid flames!
* * * LOW HITPOINT WARNING * * *
The deep elf pyromancer hits you with the +3 Elemental Staff {rElec rF+ rC+ AC+3}.
* * * LOW HITPOINT WARNING * * *
The deep elf pyromancer freezes you!
* * * LOW HITPOINT WARNING * * *
The deep elf pyromancer hits you with the +3 Elemental Staff {rElec rF+ rC+ AC+3}.
You die...

### ..##### ......####
....#....##. ## ....###.###.
##.## ≈≈≈....##.##..#+...+#
#.# ## ≈..†####...####.....##
#.. ###
..8.###..§..##...e...##.....#
≈...####...####.h...####...#
≈≈≈...###.##..#'...+#..##.#
....#.#####....##.##....##
...#.....##.....###.....####
..##......##....###....##..##
####.......'#..##≈##..#'....#
.#####.#########≈≈≈####.....#
..###..# ##≈≈≈≈≈##......#
#.##...# ##≈≈≈##.......#


You could see a deep elf pyromancer.

Vanquished Creatures
  Gastronok (D:9)
  3 two-headed ogres
  A rime drake (D:10)
  An ice devil (D:10)
  2 hornets
  A wraith (D:10)
  7 yaks
  2 wyverns (D:8)
  A steam dragon (D:8)
  2 acid dragons
  5 water moccasins
  2 orc warriors
  2 ice beasts
  3 ogres
  6 centaurs
  A kobold brigand (D:9)
  4 scorpions
  4 wights (D:7)
  5 howler monkeys
  3 jellies
  5 orc priests
  A gnoll bouda (D:6)
  An iguana (D:4)
  A sleepcap (D:5)
  10 orc wizards
  4 gnolls (D:6)
  5 adders
  2 shadow imps
  2 white imps (D:6)
  An ufetubus (D:7)
  3 worms
  6 dart slugs
  26 orcs
  6 ball pythons
  4 endoplasms
  3 giant cockroaches
  4 goblins
  A hobgoblin (D:1)
  10 kobolds
  3 quokkas
  3 bats (D:2)
  4 frilled lizards
  3 rats
164 creatures vanquished.

Notes
Turn   | Place    | Note
-------+----------+-------------------------------------------
     0 | D:1      | senseless the Demonspawn Shapeshifter began the quest for
                  | the Orb.
     0 | D:1      | Reached XP level 1. HP: 16/16 MP: 1/1
   283 | D:1      | Gained mutation: You are partially covered in sharp spines.
                  | [demonic ancestry]
   283 | D:1      | Reached XP level 2. HP: 22/22 MP: 2/2
   340 | D:1      | Found a faded altar of an unknown god.
   344 | D:1      | Prayed at the altar of an unknown god.
   344 | D:1      | Became a worshipper of Warmaster Okawaru
   344 | D:1      | Reached * piety under Okawaru
   898 | D:2      | Reached XP level 3. HP: 20/28 MP: 3/3
  1103 | D:2      | Found a stormy altar of Qazlal.
  1352 | D:2      | Reached XP level 4. HP: 30/34 MP: 4/4
  1744 | D:3      | HP: 1/34 [something (4)]
  1750 | D:3      | Reached skill level 3 in Fighting
  2136 | D:3      | Noticed a water moccasin
  2137 | D:3      | Noticed a scorpion
  2144 | D:3      | Killed a water moccasin
  2144 | D:3      | Reached ** piety under Okawaru
  2145 | D:3      | Reached XP level 5. HP: 37/41 MP: 5/5
  2147 | D:3      | Reached XP level 6. HP: 37/47 MP: 6/6
  2295 | D:3      | Found a burning altar of Makhleb.
  2417 | D:4      | Found a sparkling altar of Nemelex Xobeh.
  2690 | D:4      | Found a basalt altar of Yredelemnul.
  2889 | D:5      | Entered Level 5 of the Dungeon
  2986 | D:5      | Reached skill level 4 in Fighting
  3030 | D:5      | Found a hazy altar of Hepliaklqana.
  3059 | D:5      | Reached *** piety under Okawaru
  3071 | D:5      | Reached XP level 7. HP: 47/54 MP: 7/7
  3157 | D:5      | Found a snail-covered altar of Cheibriados.
  4472 | D:6      | Found an ornate altar of the Wu Jian Council.
  4623 | D:6      | Found a staircase to the Ecumenical Temple.
  4685 | D:6      | Gained mutation: You are mostly covered in sharp spines.
                  | [demonic ancestry]
  4685 | D:6      | Reached XP level 8. HP: 50/61 MP: 8/8
  4694 | D:6      | Reached skill level 5 in Fighting
  5134 | D:7      | Reached **** piety under Okawaru
  5239 | D:7      | Reached skill level 5 in Dodging
  5239 | D:7      | Reached skill level 5 in Unarmed Combat
  5461 | D:7      | Received a gift from Okawaru
  5462 | D:7      | Reached skill level 5 in Shapeshifting
  5683 | D:8      | Reached skill level 1 in Invocations
  5718 | D:8      | Reached skill level 6 in Fighting
  5774 | D:8      | Noticed a hornet
  5787 | D:8      | Reached XP level 9. HP: 57/69 MP: 10/10
  5977 | D:8      | Found Heogg's Distillery.
  6013 | D:8      | Bought a potion of curing for 42 gold pieces
  6013 | D:8      | Bought a potion of mutation for 112 gold pieces
  6013 | D:8      | Bought a potion of heal wounds for 70 gold pieces
  6013 | D:8      | Bought a potion of curing for 42 gold pieces
  6023 | D:8      | Found a radiant altar of Vehumet.
  6048 | D:8      | Got the Elucidation of Exhalation
  6524 | D:9      | Noticed a two-headed ogre
  6629 | D:9      | Killed a two-headed ogre
  6630 | D:9      | Reached skill level 7 in Fighting
  6630 | D:9      | Gained mutation: Your touch may inflict minor irresistible
                  | damage on your foes. [demonic ancestry]
  6630 | D:9      | Reached XP level 10. HP: 69/79 MP: 11/13
  6693 | D:9      | Noticed Gastronok
  6718 | D:9      | Killed Gastronok
  6718 | D:9      | Reached ***** piety under Okawaru
  6719 | D:9      | Reached skill level 5 in Invocations
  7206 | D:9      | Found a staircase to the Lair.
  7329 | D:9      | Found a shimmering altar of Xom.
  7329 | D:9      | Found a shimmering altar of Xom.
  7329 | D:9      | Found a shimmering altar of Xom.
  7329 | D:9      | Found a shimmering altar of Xom.
  7329 | D:9      | Found a shimmering altar of Xom.
  7329 | D:9      | Found a shimmering altar of Xom.
  7329 | D:9      | Found a shimmering altar of Xom.
  7330 | D:9      | Found a shimmering altar of Xom.
  7330 | D:9      | Found a shimmering altar of Xom.
  7331 | D:9      | Found a shimmering altar of Xom.
  7392 | D:9      | Noticed a two-headed ogre
  7403 | D:9      | Killed a two-headed ogre
  7499 | D:9      | Found a shimmering blue altar of Sif Muna.
  7969 | D:10     | Entered Level 10 of the Dungeon
  8144 | D:10     | HP: 1/80 [rime drake/icy flash freeze (20)]
  8416 | D:10     | Noticed a two-headed ogre
  8430 | D:10     | Killed a two-headed ogre
  8430 | D:10     | Received a gift from Okawaru
  8431 | D:10     | Reached skill level 8 in Fighting
  8431 | D:10     | Gained mutation: Spells you cast may paralyse adjacent
                  | enemies. [demonic ancestry]
  8431 | D:10     | Reached XP level 11. HP: 20/86 MP: 13/15
  8435 | D:10     | Found a sacrificial altar of Ru.
  8649 | D:10     | Found a blossoming altar of Fedhas.
  8929 | D:10     | Found a stormy altar of Qazlal.
  8929 | D:10     | Found an ancient bone altar of Kikubaaqudgha.
  9002 | D:10     | Reached skill level 1 in Long Blades
  9325 | D:10     | Noticed a deep elf pyromancer
  9332 | D:10     | HP: 2/86 [deep elf pyromancer/the +3 Elemental Staff {rElec
                  | rF+ rC+ AC+3} (17)]
  9332 | D:10     | Slain by a deep elf pyromancer

Illustrated notes

Levels and vault maps discovered:
D:1:      spicycebolla_arrival_clurvy, layout_basic,
          hellmonk_ecumenical_altar_heavens_door
D:2:      layout_rooms, basic_altar, amethyst_killhole, grunt_ministairs_13,
          amcnicky_mini_rare_corridor_liquid, nicolae_figureground_sparkle
D:3:      layout_rooms, nicolae_overflow_hidden_temple, st_stairs_12
D:4:      layout_rooms, kennysheep_little_box, kennysheep_mini,
          serial_park_tiny_1, kennysheep_small_square
D:5:      layout_basic, nicolae_hepliaklqana_hazy_memory,
          mainiacjoe_overflow_surrounded_room, kennysheep_small_spiral
D:6:      layout_basic, mainiacjoe_overflow_tiny_flanked,
          nzn_wu_jian_council_hall, minmay_temple_entry_fiery
D:7:      layout_gridville
D:8:      layout_basic, nicolae_vehumet_radiance, serial_shops,
          nicolae_shop_peninsula
D:9:      layout_stronghold, xom_shifter_show, lemuel_crystal_altar,
          lair_entry_dummy, serial_column_ruins, column_ruins_square_medium,
          column_ruins_hut_water, column_ruins_open_large,
          column_ruins_corridor_straight, column_ruins_columns_straight,
          column_ruins_open_medium, column_ruins_open_tiny,
          column_ruins_open_tiny, blue_anna_alchemist, uniq_gastronok
D:10:     layout_rooms, mainiacjoe_overflow_concentric_impassable,
          mainiacjoe_overflow_catwalk, gammafunk_temple_overflow_wave,
          david_orc_4, dilly_guarded_unrand_elemental_staff

Skill      XL: |  1  2  3  4  5  6  7  8  9 10 11 |
---------------+----------------------------------+-----
Dodging        | 2 3 4 5 6 7 |  7.3
Unarmed Combat | 2 3 4 5 6 7 |  7.2
Shapeshifting  | 3 4 5 6 7 |  7.9
Fighting       | 3 4 6 7 8 |  8.0
Invocations    | 1 4 6 |  6.8
Long Blades    | 1 |  1.1

Action                     |  1- 3 |  4- 6 |  7- 9 | 10-12 || total
---------------------------+-------+-------+-------+-------++-------
  Melee: Unarmed           |    79 |     1 |       |       ||    80
         Punch             |     5 |     3 |    11 |    10 ||    29
         Dagger            |       |    88 |       |       ||    88
         Short sword       |       |    20 |   238 |   102 ||   360
         Touch             |       |       |       |    25 ||    25
         Triple sword      |       |       |       |    22 ||    22
 Invoke: Heroism           |       |       |     6 |     5 ||    11
    Use: Scroll            |       |    10 |     5 |     2 ||    17
         Potion            |       |     1 |       |       ||     1
   Stab: Distracted        |     1 |       |       |       ||     1
         Sleeping          |     1 |     2 |     2 |       ||     5
 Armour: Animal skin       |     6 |    17 |    11 |       ||    34
         Skin              |       |     2 |       |       ||     2
         Steam dragon scal |       |       |     8 |     7 ||    15
         Acid dragon scale |       |       |       |     5 ||     5
  Dodge: Dodged            |    33 |    53 |   100 |    70 ||   256
         Form:             |       |     1 |       |       ||     1
         Beast             |       |     1 |       |       ||     1

Table legend: (Time is in decaauts)
 A = Elapsed time spent in this place.
 B = Non-inter-level travel time spent in this place.
 C = Inter-level travel time spent in this place.
 D = Time resting spent in this place.
 E = Time spent auto-exploring this place.
 F = Levels seen in this place.
 G = Mean time per level.
                   A        B        C        D        E       F      G
               +--------+--------+--------+--------+--------+-----+--------+
         Total |   9252 |   8879 |    373 |    714 |   6962 |  10 |  925.2 |
       Dungeon |   9252 |   8879 |    373 |    714 |   6962 |  10 |  925.2 |
               +--------+--------+--------+--------+--------+-----+--------+

Top non-repeatable levels by time:
     D:9: 1593 daAuts
    D:10: 1150 daAuts
     D:5: 1065 daAuts
     D:6: 944 daAuts
     D:8: 885 daAuts
     D:1: 866 daAuts
     D:2: 767 daAuts
     D:7: 726 daAuts
     D:3: 708 daAuts
     D:4: 544 daAuts
